 Dungeon Crawl Stone Soup version 0.19-a0-1019-g9c6a58d (webtiles) character file.

728 Gagarin the Skirmisher (level 7, -4/76 HPs)
             Began as an Ogre Berserker on July 25, 2016.
             Was an Elder of Trog.
             Slain by an orc wizard
             ... wielding a +0 dagger
              (6 damage)
             ... on level 4 of the Dungeon.
             The game lasted 00:10:57 (4247 turns).

Gagarin the Skirmisher (Ogre Berserker)             Turns: 4247, Time: 00:10:59

Health: -4/76      AC:  3    Str: 25    XL:     7   Next: 72%
Magic:  7/7        EV: 12    Int:  6    God:    Trog [****..]
Gold:   173        SH:  0    Dex:  9    Spells: 0 memorised, 6 levels left

rFire  . . .     SeeInvis .     e - +0 giant spiked club
rCold  . . .     Gourm    .     b - +0 animal skin
rNeg   . . .     Faith    .     (shield currently unavailable)
rPois  .         Spirit   .     (helmet restricted)
rElec  .         Dismiss  .     (no cloak)
rCorr  .         Reflect  .     (gloves unavailable)
SustAt .         Harm     .     (boots unavailable)
MR     .....                    (no amulet)
Stlth  +.........               (no ring)
                                (no ring)

@: confused, exhausted, slowed, very slow, not resistant to hostile
enchantments, very unstealthy
A: unfitting armour, slow regeneration 1, tough skin 1
a: Berserk, Trog's Hand, Brothers in Arms, Burn Spellbooks, Renounce Religion


You were on level 4 of the Dungeon.
You worshipped Trog.
Trog was greatly pleased with you.
You were very hungry.

You visited 1 branch of the dungeon, and saw 4 of its levels.

You collected 173 gold pieces.

Inventory:

Hand Weapons
 e - a +0 giant spiked club (weapon)
Missiles
 j - 163 stones (quivered)
 t - 32 poisoned needles
Armour
 b - a +0 animal skin (worn)
Jewellery
 n - a cursed ring of loudness {unknown}
 s - an uncursed ring of protection from cold {unknown}
 w - a +3 ring of strength {unknown}
 x - an uncursed ring of flight {unknown}
Wands
 v - a wand of flame (24/48)
Scrolls
 f - 9 scrolls of identify {unknown}
 h - a scroll of teleportation {unknown}
 i - 2 scrolls of recharging {unknown}
 l - a scroll of magic mapping {unknown}
 m - 2 scrolls of amnesia {unknown}
 p - a scroll of enchant weapon {unknown}
 q - a scroll of remove curse {unknown}
 r - a scroll of fear {unknown}
Potions
 a - 2 potions of ambrosia {unknown}
 g - 2 potions of degeneration {unknown}
Comestibles
 c - 5 bread rations
 k - 3 slices of pizza
 o - 2 meat rations
 u - a royal jelly


   Skills:
 + Level 6.9 Fighting
 + Level 6.2 Maces & Flails
 + Level 1.8 Throwing
 + Level 5.5 Dodging
 + Level 1.2 Stealth


You had 6 spell levels left.
You didn't know any spells.

Dungeon Overview and Level Annotations

Branches:
Dungeon (4/15)
 Temple: D:4-7

Altars:
Cheibriados
Okawaru
Vehumet


Innate Abilities, Weirdness & Mutations

You are too large for most types of armour.
You have tough skin. (AC +1)
You regenerate slowly when monsters are visible.


Message History

You miss something.
You hear some strange, mumbled words.
A puff of flame appears from out of thin air!
The puff of flame hits you!
* * * LOW HITPOINT WARNING * * *
Something hits you but does no damage.
You miss something. Something hits you.
* * * LOW HITPOINT WARNING * * *
Something hits you.
* * * LOW HITPOINT WARNING * * *
You completely miss something. Something hits you.
* * * LOW HITPOINT WARNING * * *
You hear some strange, mumbled words.
You are confused.
Something hits you.
* * * LOW HITPOINT WARNING * * *
You closely miss something. Something barely misses you. x2
You completely miss something. Something hits you but does no damage.
Something hits you.
You die...

#..........###...# #...........
#...........#...## #.#.........
##...............# ###.#.........
.................###.............
###.......##............###......
#......####.....##.....####....
#.###.## ##...........## ##...
##.###.## #.#†##.......#####..
##...#...# #.)@{#.............#
...♣.....#######)...#....##......
.....#...##...........#### ######
...###......#####<#....# ##..
.###......### #.##.#.#######..#
###......## #.##...........##
.###.....# ..........#######
...###...# ..................
.....#..## ..............####


There were no monsters in sight!

Vanquished Creatures
  A phantom (D:4)
  An ogre (D:4)
  3 howler monkeys (D:4)
  2 orc priests
  A jelly (D:3)
  A centaur skeleton (D:4)
  3 orc wizards
  A worker ant (D:4)
  4 adders
  3 gnolls (D:3)
  A howler monkey skeleton (D:3)
  2 river rats (D:3)
  An ooze (D:3)
  5 worms
  A dart slug (D:2)
  3 giant geckos
  15 orcs
  2 ball pythons
  2 bats (D:3)
  5 giant cockroaches
  8 goblins
  4 hobgoblins
  9 jackals (D:1)
  2 quokkas (D:2)
  9 giant newts
  10 kobolds
  A quokka skeleton (D:4)
  14 rats
114 creatures vanquished.

Vanquished Creatures (others)
  A bat (D:2)
  A kobold (D:2)
2 creatures vanquished.

Grand Total: 116 creatures vanquished

Notes
Turn   | Place    | Note
-------+----------+-------------------------------------------
     0 | D:1      | Gagarin the Ogre Berserker began the quest for the Orb.
     0 | D:1      | Reached XP level 1. HP: 24/24 MP: 1/1
   122 | D:1      | Reached XP level 2. HP: 20/33 MP: 2/2
   452 | D:1      | Reached ** piety under Trog
   743 | D:1      | Reached XP level 3. HP: 36/40 MP: 3/3
  1093 | D:2      | Found an iron altar of Okawaru.
  1286 | D:2      | Reached XP level 4. HP: 39/49 MP: 4/4
  1289 | D:2      | Reached skill level 5 in Fighting
  1380 | D:2      | Reached *** piety under Trog
  2055 | D:3      | Reached XP level 5. HP: 23/57 MP: 5/5
  2059 | D:3      | Reached skill level 5 in Maces & Flails
  2357 | D:3      | Reached skill level 1 in Throwing
  2362 | D:3      | Reached XP level 6. HP: 67/67 MP: 6/6
  2634 | D:3      | Found a snail-covered altar of Cheibriados.
  2973 | D:3      | HP: 2/67 [river rat (9)]
  2974 | D:3      | Gained mutation: You are robust. (+10% HP) [potion of mutation]
  2974 | D:3      | Lost mutation: You are robust. (+10% HP) [potion of mutation]
  2974 | D:3      | Gained mutation: You regenerate slowly when monsters are visible. [potion of mutation]
  3386 | D:4      | Reached skill level 1 in Stealth
  3390 | D:4      | Reached XP level 7. HP: 75/75 MP: 7/7
  3399 | D:4      | Reached **** piety under Trog
  3405 | D:4      | Reached skill level 5 in Dodging
  3731 | D:4      | Found a radiant altar of Vehumet.
  4245 | D:4      | HP: 2/76 [something (4)]
  4247 | D:4      | Slain by an orc wizard

Vault maps used:
D:1:      minmay_arrival_stair_chambers
D:2:      old_standard_altar, serial_forest, infiniplex_forest_clump_double,
          infiniplex_forest_lined_3, infiniplex_forest_end_2,
          infiniplex_forest_clump_tiny, infiniplex_forest_lined_2,
          infiniplex_forest_clump_medium, lemuel_old_faithful
D:3:      cheibriados_altar_1, portal_sewer_entry_e
D:4:      vehumet_altar_wand_db, first_bread, grunt_ministairs_13,
          grunt_decor_arrowhead

Skill      XL: |  1  2  3  4  5  6  7 |
---------------+----------------------+-----
Dodging        | 3 4 5 |  5.5
Fighting       | 5 6 |  6.9
Maces & Flails | 5 6 |  6.2
Throwing       | 1 |  1.8
Stealth        | 1 |  1.2

Action                   |  1- 3 |  4- 6 |  7- 9 || total
-------------------------+-------+-------+-------++-------
Melee: Mace              |   146 |   129 |       ||   275
       Giant spiked club |       |     7 |    94 ||   101
Throw: Stone             |    23 |    35 |     5 ||    63
Invok: Berserk           |     2 |     4 |     2 ||     8
       Trog's Hand       |       |     1 |       ||     1
  Use: Potion            |       |     4 |       ||     4
  Eat: Chunk             |     4 |    10 |     5 ||    19
Armor: Animal skin       |    36 |    35 |    33 ||   104
Dodge: Dodged            |    78 |   109 |    86 ||   273
